Map: New Repugnancy LE

Players

Kate

  • Race: Protoss Protoss
  • League: Bronze
  • Spawn Location: 7:00

Throwfordays - Winner!

  • Race: Protoss Protoss
  • League: Bronze
  • Spawn Location: 1:00

VOD

Have the link to the VOD?

Description

Time

  • Played on: Jan. 22, 2019, 8:38 p.m.
  • Length: 7:44
Show
View Real Time Build Order
Export as new Build Order

Kate Protoss 

Build Orders:  

Get SALT Encoding   

  12  0:01  Probe  
  13  0:13  Probe  
  14  0:25  Probe  
  15  0:28  Pylon  
  15  0:41  Assimilator  
  15  0:46  Probe  
  16  0:51  Gateway  
  16  0:58  Probe  
  17  1:05  Forge  
  17  1:23  Assimilator, Probe  
  18  1:35  Probe  
  19  1:43  Cybernetics Core  
  19  1:47  Probe  
  19  1:53  Zealot  
  22  1:59  Probe  
  23  2:11  Warp Gate  
  23  2:30  Protoss Ground Weapons Level 1  
  23  2:38  Pylon  
  23  2:56  Zealot, Probe  
  26  3:08  Probe  
  26  3:20  Probe  
  26  3:23  Zealot  
  29  3:32  Nexus  
  29  3:33  Probe  
  30  3:40  Assimilator  
  30  3:49  Pylon  
  30  3:52  Pylon  
  30  4:06  Pylon  
  30  4:07  Zealot  
  32  4:16  Assimilator, Probe  
  33  4:24  Protoss Ground Armor Level 1  
  33  4:26  Protoss Air Weapons Level 1  
  33  4:28  Probe  
  36  4:40  Probe  
  38  4:52  Probe  
  36  5:03  Gateway  
  36  5:04  Probe  
  37  5:07  Gateway  
  37  5:09  Pylon  
  37  5:15  Pylon  
  37  5:20  Stargate  
  37  5:22  Stargate  
  37  5:27  Stalker  
  39  5:30  Probe  
  39  5:34  Probe  
  41  5:42  Probe  
  42  5:46  Probe  
  43  5:54  Probe  
  43  5:56  Photon Cannon  
  44  5:58  Probe  
  44  6:03  Photon Cannon  
  45  6:05  Photon Cannon  
  45  6:06  Probe  
  45  6:08  Shield Battery  
  46  6:18  Probe  
  47  6:28  Void Ray  
  47  6:31  Probe  
  52  6:36  Void Ray  
  56  6:43  Probe  
  57  6:55  Probe  
  58  7:07  Probe  
  57  7:19  Probe  
  49  7:23  Stalker x3  
  55  7:31  Probe  
Show
View Real Time Build Order
Export as new Build Order

Throwfordays Protoss - Winner!

Build Orders:  

Get SALT Encoding   

  12  0:00  Probe  
  13  0:12  Probe  
  14  0:19  Pylon  
  14  0:25  Probe  
  15  0:37  Probe  
  15  0:42  Gateway  
  16  0:49  Probe  
  17  0:50  Assimilator  
  17  1:08  Probe  
  18  1:20  Probe  
  19  1:29  Cybernetics Core  
  19  1:32  Probe  
  20  1:44  Probe  
  20  1:45  Warp Gate  
  21  1:56  Probe  
  22  2:03  Nexus  
  22  2:09  Gateway  
  22  2:18  Pylon  
  22  2:23  Pylon  
  22  2:30  Assimilator  
  22  2:36  Stalker  
  24  2:39  Probe  
  25  2:51  Probe  
  25  2:56  Stalker  
  28  3:03  Probe  
  29  3:06  Stalker  
  31  3:22  Probe  
  31  3:23  Probe  
  33  3:29  Pylon  
  33  3:31  Probe x2  
  33  3:39  Probe x2  
  35  3:48  Gateway  
  37  3:49  Probe  
  37  3:51  Probe  
  39  3:58  Gateway  
  39  4:01  Probe  
  40  4:03  Probe  
  40  4:06  Pylon  
  41  4:13  Probe  
  41  4:16  Probe  
  43  4:25  Probe  
  43  4:28  Gateway, Probe  
  45  4:33  Gateway  
  45  4:37  Probe  
  46  4:39  Forge  
  46  4:40  Probe  
  46  4:44  Adept  
  49  4:47  Adept  
  49  4:49  Probe  
  49  4:50  Adept  
  49  4:52  Probe  
  55  4:56  Twilight Council  
  55  5:01  Protoss Ground Weapons Level 1  
  55  5:03  Adept  
  55  5:04  Probe  
  58  5:07  Assimilator  
  58  5:15  Assimilator  
  58  5:33  Probe  
  59  5:36  Stalker  
  59  5:37  Stalker x2  
  59  5:38  Stalker x2  
  69  5:44  Pylon  
  69  5:45  Probe  
  69  5:48  Pylon  
  70  5:59  Nexus  
  70  6:02  Probe  
  71  6:21  Pylon  
  71  6:39  Stalker x2  
  75  6:40  Stalker x2  
  75  6:41  Sentry x2  
  83  6:49  Pylon  
  83  7:01  Pylon  
  83  7:15  Pylon  
  81  7:27  Stalker x4  
  81  7:28  Stalker x2  
Tags
 
Matchup
PvP
Replay Pack
Multiplayer
Spawn Locations
Cross Positions
Add a new tag
Caveats
  • Supply blocks, unpowered buildings, or Contaminate may cause inaccurate times.
  • Supply counts are checked every 10 seconds.